General information
			
			
        
        - name: skycity
 
        - type: Custom game
 
        - host: BEAR_AND
 
        - saver: BEAR_AND
 
        
map: EchoIsles 
        - players: 3
 
        - length: 09:22
 
        - speed: Fast
 - version: 1.22 W3XP
 - replay type:  

 
» download(32 KB)
Players
        team 1 (winner) 
              
              
TIMG4STRok (
gray | 149 APM | 1396 actions | 09:22)
              
 3 Blademaster 
 1 Wind Walk
 2 Critical Strike
 2 Shadow Hunter 
 1 Hex
 1 Healing Wave
 
                » actions 
                
                | Assign group hotkey | 16 |  | 
| Basic commands | 17 |  | 
| Build / train | 35 |  | 
| ESC pressed | 1 |  | 
| Enter build submenu | 10 |  | 
| Enter hero's abilities submenu | 6 |  | 
| Give item / drop item | 3 |  | 
| Right click | 680 |  | 
| Select / deselect | 107 |  | 
| Select group hotkey | 478 |  | 
| Use ability | 43 |  | 
                1396 total
 » units 
                
                | Peon | 9 |  | 
| Grunt | 4 |  | 
| Raider | 3 |  | 
| Spirit Walker | 1 |  | 
                17 total
 » upgrades
                
                | Berserker Strength | 1 |  | 
| Pillage | 1 |  | 
| Ensnare | 1 |  | 
| Spirit Walker Training | 1 |  | 
                4 total
 » buildings
                
                | Altar of Storms | 1 |  | 
| Orc Burrow | 4 |  | 
| Barracks | 1 |  | 
| Stronghold | 1 |  | 
| Voodoo Lounge | 1 |  | 
| Beastiary | 1 |  | 
| Spirit Lodge | 1 |  | 
| War Mill | 1 |  | 
                11 total
 » build order
                00:05 Altar of Storms
00:17 Orc Burrow
00:38 Barracks
01:23 Orc Burrow
02:40 Stronghold
02:59 Voodoo Lounge
03:18 Orc Burrow
05:05 Beastiary
05:07 Spirit Lodge
05:41 Orc Burrow
07:25 War Mill
» items
                
                | Dust of Appearance | 1 |  | 
| Boots of Speed | 1 |  | 
| Healing Salve | 2 |  | 
| Lesser Clarity Potion | 1 |  | 
                5 total
  
               team 2 (loser) 
              
              
fineX (
red | 72 APM | 675 actions | 09:21)
              
 1 Blademaster 
 1 Wind Walk
 
                » actions 
                
                | Assign group hotkey | 15 |  | 
| Build / train | 17 |  | 
| Enter build submenu | 12 |  | 
| Enter hero's abilities submenu | 1 |  | 
| Right click | 403 |  | 
| Select / deselect | 118 |  | 
| Select group hotkey | 70 |  | 
| Use ability | 39 |  | 
                675 total
 » units 
                » upgrades
                » buildings
                
                | Altar of Storms | 1 |  | 
| Orc Burrow | 4 |  | 
| Barracks | 1 |  | 
| Voodoo Lounge | 2 |  | 
| Stronghold | 1 |  | 
| Beastiary | 1 |  | 
| Fortress | 1 |  | 
| War Mill | 1 |  | 
                12 total
 » build order
                00:06 Altar of Storms
00:08 Orc Burrow
00:35 Barracks
01:49 Orc Burrow
02:29 Voodoo Lounge
03:14 Stronghold
03:58 Orc Burrow
04:24 Orc Burrow
05:36 Voodoo Lounge
05:47 Beastiary
06:28 Fortress
06:36 War Mill
 
               observersBEAR_AND Chat log
          (00:20 / All) fineX: *shake u hand*
(01:55 / All) fineX: cool kolor prosp
(02:16 / All) fineX: dang y u gotta be like that
(02:59 / All) fineX: dang cant get in
(05:49 / All) fineX: wat up
(06:24 / All) fineX: dang nigga
(07:05 / All) fineX: sorry i had to clean up my toys
(07:17 / All) fineX: aaaah! stop killing my guys!!!
(07:57 / All) fineX: ack!!!
(08:24 / All) fineX: noo!! peon!
(08:40 / All) fineX: eek!
(09:07 / All) fineX: rrun peon!!
(09:10 / All) TIMG4STRok: leave please
(09:20 / All) fineX: ok since u asked nicely